 Dungeon Crawl Stone Soup version 0.23-a0-635-g88ca12a (console) character file.

3945 Duffy the Skirmisher (level 10, -3/77 HPs)
             Began as a Demonspawn Fire Elementalist on Dec 27, 2018.
             Was a Follower of Vehumet.
             Killed from afar by an oklob plant (12 damage)
             ... with a splash of acid
             ... on level 7 of the Dungeon.
             The game lasted 00:18:38 (10757 turns).

Duffy the Skirmisher (DsFE)                        Turns: 10757, Time: 00:18:39

Health: -3/77      AC:  4    Str: 13    XL:     10   Next: 1%
Magic:  27/27      EV: 22    Int: 20    God:    Vehumet [*.....]
Gold:   220        SH:  9    Dex: 19    Spells: 6/19 levels left

rFire    + . .     SeeInvis .   x - +7 war axe {freeze, *Slow +Rage MP+9 Str+5}
rCold    . . .     Gourm    .   H - +0 buckler (curse)
rNeg     . . .     Faith    .   E - +3 leather armour {rF+}
rPois    .         Spirit   .   (no helmet)
rElec    .         Reflect  +   y - +1 cloak
rCorr    .         Harm     .   v - +1 pair of gloves
MR       .....                  (no boots)
Stlth    +++++.....             h - +3 amulet of reflection
HPRegen  0.22/turn              t - +3 ring of evasion
MPRegen  0.20/turn              (no ring)

@: agile, corroded
A: hooves 1, icy blue scales 1, nightstalker 2, powered by pain 1
a: Renounce Religion, Evoke Berserk Rage


You were on level 7 of the Dungeon.
You worshipped Vehumet.
Vehumet was aware of your devotion.
You were hungry.

You visited 2 branches of the dungeon, and saw 8 of its levels.
You also visited: Sewer.

You collected 321 gold pieces.
You spent 101 gold pieces at shops.

Inventory:

Hand Weapons
 a - a +4 rapier of venom
 f - a +3 dagger
 j - a +0 spear of piercing
 w - a +3 quarterstaff of chaos
 x - the +7 war axe "Fazaefib" (weapon) {freeze, *Slow +Rage MP+9 Str+5}
   (You found it on level 4 of the Dungeon)

   It has been specially enchanted to freeze those struck by it, causing extra
   injury to most foes and up to half again as much damage against particularly
   susceptible opponents.
   It can also slow down cold-blooded creatures.
   It affects your strength (+5).
   It affects your magic capacity (+9).
   It lets you go berserk.
   It may slow you when you take damage.
 A - a +2 dagger of venom
 G - a +0 blowgun
Armour
 v - a +1 pair of gloves (worn)
 y - a +1 cloak (worn)
 E - a +3 leather armour of fire resistance (worn)
 H - a cursed +0 buckler (worn)
Magical Staves
 s - an uncursed staff of earth
Jewellery
 h - a +3 amulet of reflection (around neck)
 q - an uncursed ring of ice
 t - a +3 ring of evasion (left hand)
 J - an uncursed amulet of regeneration
Wands
 l - a wand of digging (4)
 n - a wand of clouds (6)
 D - a wand of acid (9)
Scrolls
 b - 2 scrolls of remove curse {unknown}
 d - a scroll of enchant armour {unknown}
 g - 8 scrolls of teleportation
 i - a scroll of immolation {unknown}
 k - a scroll of random uselessness {unknown}
 o - 2 scrolls of blinking
 F - a scroll of magic mapping {unknown}
 I - a scroll of holy word {unknown}
Potions
 e - 4 potions of heal wounds
 m - a potion of haste
 p - 2 potions of curing
 r - 2 potions of magic
 u - 2 potions of brilliance
 z - a potion of berserk rage
 B - 2 potions of cancellation
 C - 2 potions of degeneration {unknown}
Comestibles
 c - 15 rations


   Skills:
 - Level 6.6 Fighting
 - Level 4.1 Dodging
 - Level 1.7 Stealth
 - Level 4.1 Shields
 + Level 5.4 Spellcasting
 + Level 5.3 Conjurations
 + Level 5.2 Fire Magic
 - Level 6.0 Evocations


You had 6 spell levels left.
You knew the following spells:

 Your Spells              Type           Power        Failure   Level  Hunger
h - Flame Tongue          Conj/Fire      ####.        1%          1    None
j - Sticky Flame          Conj/Fire      ####....     16%         4    ####...
k - Fireball              Conj/Fire      ####......   41%         5    #####..
l - Conjure Flame         Conj/Fire      ####....     4%          3    ##.....

Your spell library contained the following spells:

 Spells                   Type           Power        Failure   Level  Hunger
 Sting                    Conj/Pois      ###.         4%          1    None
 Throw Flame              Conj/Fire      ####..       2%          2    None
 Shock                    Conj/Air       ###.         4%          1    None
 Corona                   Hex            #......      14%         1    None
 Dazzling Spray           Conj/Hex       ###...       14%         3    ##.....
 Inner Flame              Hex/Fire       ###.....     14%         3    ##.....
 Static Discharge         Conj/Air       ###.....     14%         3    ##.....
 Ensorcelled Hibernation  Hex/Ice        #.....       22%         2    None
 Swiftness                Chrm/Air       #.......     22%         2    None
 Confuse                  Hex            #.......     38%         3    ##.....
 Tukima's Dance           Hex            #.......     38%         3    ##.....
 Lightning Bolt           Conj/Air       ###.......   78%         5    #####..
 Airstrike                Air            #.........   80%         4    ####...


Dungeon Overview and Level Annotations

Branches:
Dungeon (7/15)             Temple (1/1) D:6

Altars:
Ashenzari
Cheibriados
Dithmenos
Elyvilon
Fedhas
Gozag
Hepliaklqana
Kikubaaqudgha
Makhleb
Nemelex Xobeh
Okawaru
Qazlal
Ru
Sif Muna
Trog
Uskayaw
Vehumet
Wu Jian
Xom
Yredelemnul
Zin
The Shining One

Shops:
D:5 =[*

Annotations:
D:2 exclusions: 3 orcs, orc priest and 2 orc wizards
D:4 Eustachio
D:7 exclusion: oklob plant


Innate Abilities, Weirdness & Mutations

You have large cloven feet.
You are partially covered in icy blue scales. (AC +2)
You are significantly more attuned to the shadows.
You sometimes gain a little power by taking damage.


Message History

You hit the plant but do no damage. The oklob plant spits acid at you.
The splash of acid hits you! The acid corrodes you!
You are splashed with acid!
The acid burns!
You hit the oklob plant but do no damage.
You kick the oklob plant.
The oklob plant is heavily damaged.
You hit the plant but do no damage. You hit the oklob plant.
You freeze the oklob plant.
You kick the oklob plant, but do no damage.
The oklob plant is heavily damaged.
You hit the plant but do no damage. The oklob plant spits acid at you.
The splash of acid hits you!
* * * LOW HITPOINT WARNING * * *
You are splashed with acid!
The acid burns!
* * * LOW HITPOINT WARNING * * *
The oklob plant spits acid at you. The splash of acid hits you!
You die...

##### #...#
#######.#.#####
#..........(.P##
#....##.#.##P_P#
#....##.#.# #P@#
###....##.#.###..#
...........>....##
##......#.#######
.............#
...........##
##.##..##..#
#.##..##..#
#.....##..####


You could see an oklob plant.

Vanquished Creatures
  Pikel (D:7)
  Grinder (D:3)
  A hippogriff (D:7)
  A spriggan (D:7)
  A wyvern (D:6)
  Menkaure (D:6)
  Duvessa (D:6)
  3 sky beasts
  3 phantoms
  3 slaves (D:7)
  4 ogres
  5 bullfrogs
  Dowan (D:6)
  A scorpion (D:4)
  A howler monkey (D:5)
  A bullfrog zombie (D:7)
  2 crimson imps
  2 hounds
  7 orc wizards
  Crazy Yiuf (D:4)
  2 jellies (D:5)
  A bullfrog skeleton (D:7)
  4 orc priests
  2 iguanas (D:5)
  6 worker ants
  A hound zombie (D:7)
  A hound skeleton (D:6)
  A worker ant zombie (D:6)
  3 gnolls (D:3)
  18 adders
  3 shadow imps (D:6)
  11 oozes
  An adder zombie (D:6)
  An adder skeleton (D:4)
  3 worms
  2 dart slugs (D:1)
  14 leopard geckos
  16 orcs
  7 giant cockroaches
  7 goblins
  6 hobgoblins
  16 jackals
  10 kobolds
  A quokka (D:7)
  13 ball pythons
  7 bats
  12 frilled lizards
  A jackal zombie (D:4)
  A quokka skeleton (D:3)
  10 rats
222 creatures vanquished.

Vanquished Creatures (others)
  A slave (D:7)
  A big kobold (D:7)
  3 jackals (D:7)
  2 kobolds (D:7)
7 creatures vanquished.

Grand Total: 229 creatures vanquished

Notes
Turn   | Place    | Note
-------+----------+-------------------------------------------
     0 | D:1      | Duffy the Demonspawn Fire Elementalist began the quest for
                  | the Orb.
     0 | D:1      | Reached XP level 1. HP: 13/13 MP: 3/3
     4 | D:1      | Noticed a seven-headed hydra
     7 | D:1      | Noticed a death yak
   205 | D:1      | Gained mutation: You are slightly more attuned to the
                  | shadows. [demonic ancestry]
   205 | D:1      | Reached XP level 2. HP: 19/19 MP: 0/5
   933 | D:1      | Gained mutation: You have large cloven feet. [demonic
                  | ancestry]
   933 | D:1      | Reached XP level 3. HP: 24/24 MP: 4/6
  1627 | D:1      | Learned a level 3 spell: Conjure Flame
  1883 | D:2      | Reached XP level 4. HP: 28/30 MP: 1/7
  3201 | D:3      | Gained mutation: You are partially covered in icy blue
                  | scales. (AC +2) [demonic ancestry]
  3201 | D:3      | Reached XP level 5. HP: 35/35 MP: 4/8
  3247 | D:3      | Noticed a water elemental
  3248 | D:3      | Found a stormy altar of Qazlal.
  3249 | D:3      | Noticed a fire elemental
  3376 | D:3      | Found a glowing drain.
  3384 | Sewer    | Entered a sewer
  3801 | Sewer    | Learned a level 4 spell: Sticky Flame
  4048 | Sewer    | Reached XP level 6. HP: 41/41 MP: 8/10
  4413 | D:3      | Noticed Grinder
  4413 | D:3      | Paralysed by Grinder for 5 turns
  4426 | D:3      | Killed Grinder
  4426 | D:3      | Gained mutation: You are significantly more attuned to the
                  | shadows. [demonic ancestry]
  4426 | D:3      | Reached XP level 7. HP: 37/46 MP: 3/13
  4519 | D:3      | Noticed an air elemental
  5114 | D:3      | Learned a level 5 spell: Fireball
  5170 | D:4      | Reached skill level 5 in Conjurations
  5401 | D:4      | Found a runed door.
  5405 | D:4      | Noticed Crazy Yiuf
  5411 | D:4      | Killed Crazy Yiuf
  5411 | D:4      | Reached skill level 5 in Fire Magic
  5496 | D:4      | Got a bloodstained war axe
  5497 | D:4      | Identified the +7 war axe "Fazaefib" {freeze, *Slow +Rage
                  | MP+9 Str+5} (You found it on level 4 of the Dungeon)
  5704 | D:4      | Reached skill level 5 in Spellcasting
  5790 | D:4      | Reached skill level 1 in Fighting
  6228 | D:4      | Noticed Eustachio
  6501 | D:4      | Reached XP level 8. HP: 54/58 MP: 15/15
  6759 | D:5      | Entered Level 5 of the Dungeon
  6991 | D:5      | Found Sastob's Assorted Antiques.
  6994 | D:5      | Reached skill level 5 in Fighting
  7019 | D:5      | Bought a golden potion for 19 gold pieces
  7019 | D:5      | Bought a bubbling dark potion for 19 gold pieces
  7019 | D:5      | Bought a bubbling dark potion for 19 gold pieces
  7019 | D:5      | Bought a scroll of identify for 44 gold pieces
  7123 | D:5      | Found Casolete's Armour Emporium.
  7521 | D:5      | Found Buraaq's Jewellery Boutique.
  7743 | D:5      | Reached skill level 1 in Evocations
  8145 | D:6      | Found a staircase to the Ecumenical Temple.
  8153 | Temple   | Entered the Ecumenical Temple
  8469 | Temple   | Became a worshipper of Vehumet
  8645 | D:6      | Reached XP level 9. HP: 49/69 MP: 15/16
  8783 | D:6      | Noticed Menkaure
  8795 | D:6      | Killed Menkaure
  8807 | D:6      | Noticed Duvessa
  8993 | D:6      | Noticed Dowan
  9004 | D:6      | Killed Duvessa
  9007 | D:6      | Killed Dowan
  9603 | D:6      | Found a basalt altar of Yredelemnul.
  9877 | D:7      | Noticed Pikel
  9889 | D:7      | Killed Pikel
  9899 | D:7      | Reached skill level 5 in Evocations
  9986 | D:7      | Reached * piety under Vehumet
  9986 | D:7      | Offered knowledge of Sting by Vehumet.
 10665 | D:7      | Gained mutation: You sometimes gain a little power by
                  | taking damage. [demonic ancestry]
 10665 | D:7      | Reached XP level 10. HP: 77/77 MP: 16/18
 10743 | D:7      | Found a shimmering altar of Xom.
 10749 | D:7      | Noticed an oklob plant
 10757 | D:7      | Killed from afar by an oklob plant

Vault maps used:
D:1:      sevenhm_arrival_forest_fort_small_2, minmay_misc_feat_doors,
          st_stairs_6, minmay_tetromino_s2
D:2:      cheibrodos_pilgrimage, grunt_decor_mini_mirrors
D:3:      nicolae_qazlal_style_of_elements, portal_sewer_entry_d, first_ration,
          uniq_grinder
D:4:      uniq_eustachio, uniq_crazy_yiuf_cottage
D:5:      serial_shops, nicolae_shop_behind_doors, shop,
          nicolae_shop_overgrown_old_shop
D:6:      minmay_temple_entry_grid, basic_altar, uniq_duvessa, uniq_menkaure
D:7:      the_bakery, lemuel_oklob_altar, uniq_pikel
Temple:   nicolae_temple_the_god_donut
Sewer:    sewer_frog_island_02

Skill      XL: |  1  2  3  4  5  6  7  8  9 |
---------------+----------------------------+-----
Conjurations   | 2 3 4 5 |  5.3
Fire Magic     | 3 4 5 |  5.2
Spellcasting   | 4 5 |  5.4
Fighting       | 3 6 |  6.6
Dodging        | 3 4 |  4.1
Evocations     | 2 6 |  6.0
Shields        | 4 |  4.1
Stealth        | |  1.7

Action                   |  1- 3 |  4- 6 |  7- 9 | 10-12 || total
-------------------------+-------+-------+-------+-------++-------
Melee: Dagger            |    25 |    23 |       |       ||    48
       Kick              |     4 |     4 |    20 |     5 ||    33
       War axe           |       |       |   102 |     6 ||   108
 Cast: Flame Tongue      |    43 |   115 |   148 |       ||   306
       Sticky Flame      |       |     2 |    33 |       ||    35
       Conjure Flame     |       |       |    19 |       ||    19
Evoke: Wand              |       |       |     1 |       ||     1
  Use: Potion            |     1 |       |       |       ||     1
       Scroll            |       |     3 |     5 |       ||     8
 Stab: Sleeping          |     5 |     1 |    11 |     1 ||    18
  Eat: Chunk             |     2 |     7 |    26 |       ||    35
       Ration            |     1 |       |       |       ||     1
Armor: Robe              |    10 |    13 |    12 |       ||    35
       Leather armour    |       |       |    16 |       ||    16
Dodge: Dodged            |    26 |    45 |   108 |     1 ||   180
Block: Other             |     3 |    12 |     8 |       ||    23
       Buckler           |       |       |    22 |       ||    22
       Reflection        |       |       |     1 |       ||     1

Table legend:
 A = Non-vault XP
 B = Vault XP
 C = Vault XP percentage of total XP
 D = Non-vault monster count
 E = Vault monster count
 F = Vault count percentage of total count
                 A         B        C        D         E       F
            +---------+---------+-------+---------+---------+-------
      Total |    3660 |    1976 |  35.1 |     159 |      60 |  27.4
            +---------+---------+-------+---------+---------+-------
        D:1 |      48 |       4 |   7.7 |      24 |       3 |  11.1
        D:2 |     103 |       0 |   0.0 |      25 |       0 |   0.0
        D:3 |     136 |     285 |  67.7 |      25 |       2 |   7.4
        D:4 |     558 |      42 |   7.0 |      22 |       1 |   4.3
        D:5 |     669 |       0 |   0.0 |      15 |       0 |   0.0
        D:6 |     915 |     403 |  30.6 |      29 |       3 |   9.4
        D:7 |    1231 |     866 |  41.3 |      19 |       2 |   9.5
      Sewer |       0 |     376 | 100.0 |       0 |      49 | 100.0
            +---------+---------+-------+---------+---------+-------
